 Dungeon Crawl Stone Soup version 0.28-a0-1493-g08698888e4 (webtiles) character file.

Game seed: 2401379394961026570

86 croobank the Insei (level 4, -1/36 HPs)
             Began as a Draconian Transmuter on Jan 12, 2022.
             Succumbed to a scorpion's poison
             ... on level 2 of the Dungeon.
             The game lasted 00:05:31 (1654 turns).

croobank the Insei (Draconian Transmuter)           Turns: 1654, Time: 00:05:32

Health: -1/36      AC:  5    Str: 12    XL:     4   Next: 26%
Magic:  7/7        EV: 12    Int: 13    God:
Gold:   16         SH:  0    Dex: 14    Spells: 3/7 levels left

rFire   . . .      SeeInvis .   a - +2 short sword (holy)
rCold   . . .      Faith    .   (no shield)
rNeg    . . .      Spirit   .   (armour unavailable)
rPois   .          Reflect  .   (helmet currently unavailable)
rElec   .          Harm     .   (no cloak)
rCorr   +          Rampage  .   (no gloves)
Will    .....                   (boots currently unavailable)
Stlth   +.........              i - amulet of magic regeneration
HPRegen 0.12/turn               l - ring of resist corrosion
MPRegen 0.50/turn               (no ring)

@: lethally poisoned (-1 -> -19), appendages, attractive
A: horns 2, talons 2, AC +5, unfitting armour, cold-blooded
a: End Transformation


You were on level 2 of the Dungeon.
You had temporarily grown beastly horns and talons.
You visited 1 branch of the dungeon, and saw 2 of its levels.

You collected 16 gold pieces.

Inventory:

Hand Weapons
 a - a +2 short sword of holy wrath (weapon)
 b - a +0 hunting sling
Missiles
 f - 63 stones
 k - 21 sling bullets
 n - 12 arrows
 o - 19 poisoned darts
Jewellery
 i - an amulet of magic regeneration (around neck)
 l - a ring of resist corrosion (left hand)
Scrolls
 c - a scroll of identify {unknown}
 g - a scroll of summoning {unknown}
 m - a scroll of magic mapping {unknown}
Potions
 d - 2 potions of attraction
 e - 2 potions of haste {unknown}
 h - a potion of experience {unknown}
 j - a potion of cancellation {unknown}


   Skills:
 + Level 2.0 Fighting
 + Level 1.0 Short Blades
 + Level 2.3 Dodging
 - Level 3.1 Unarmed Combat
 + Level 2.4 Spellcasting
 + Level 2.5 Transmutations
 * Level 1.2 Earth Magic


You had 3 spell levels left.
You knew the following spells:

 Your Spells              Type           Power      Damage    Failure   Level
a - Beastly Appendage     Tmut           16%        N/A       9%          1
b - Wereblood             Tmut           8%         N/A       13%         2
c - Sandblast             Erth           8%         2d5       14%         1

Your spell library contained the following spells:

 Spells                   Type           Power      Damage    Failure   Level
 Passwall                 Tmut/Erth      5%         N/A       17%         2
 Sublimation of Blood     Necr           1%         N/A       36%         2
 Spider Form              Tmut/Pois      4%         N/A       41%         3
 Stone Arrow              Conj/Erth      6%         3d7       50%         3
 Petrify                  Tmut/Erth      6%         N/A       73%         4
 Ice Form                 Ice/Tmut       4%         N/A       82%         4
 Irradiate                Conj/Tmut      2%         3d14      99%         5


Dungeon Overview and Level Annotations

Branches:
Dungeon (2/15)

Altars:


Innate Abilities, Weirdness & Mutations

You have temporarily grown beastly horns and talons.
Your plain brown scales are hard. (AC +5)
You cannot fit into any form of body armour.
You are cold-blooded and may be slowed by cold attacks.


Message History

The scorpion stings you.
You are poisoned.
The scorpion poisons you!
You hit the scorpion.
The scorpion is heavily wounded.
You feel sick. The scorpion stings you.
You hit the scorpion but do no damage.
You tail-slap the scorpion, but do no damage.
The scorpion is heavily wounded.
You feel sick. The scorpion misses you.
Casting: Sandblast (safe; 14% risk of failure)
Confirm with . or Enter, or press ? or * to list all spells.
You grow a pair of large bovine horns.
Your feet morph into talons.
You feel sick. The scorpion stings you.
You are more poisoned.
The scorpion poisons you!
The scorpion stings you but does no damage.
You completely miss the scorpion. Your kick misses the scorpion.
You tail-slap the scorpion.
The scorpion is severely wounded.
You feel very sick. The scorpion stings you.
* * * LOW HITPOINT WARNING * * *
You are more poisoned.
The scorpion poisons you!
Casting: Beastly Appendage (safe; 9% risk of failure)
Confirm with . or Enter, or press ? or * to list all spells.
Aiming: Sandblast (safe; 14% risk of failure)
Press: ? - help, Shift-Dir - straight line, f/p - scorpion
Aim: a scorpion (severely wounded, 78% to hit)
The blast of sand hits the scorpion.
The scorpion is severely wounded.
f - 63 stones
* * * LOW HITPOINT WARNING * * *
You feel very sick. The scorpion stings you.
* * * LOW HITPOINT WARNING * * *
It was a potion of attraction.
You feel attractive to monsters.
You die...

........#.##.# .#
...........#.##.#
.......##..#.#..# ###+##
#.........##.#.###......
#.......................
#.........###..)........
#.........# #...........
#.........# #...........
#.........# #...@s(....(
#.........# ##+###......
#.........# .$....
####... .$... .## #


You could see a scorpion.

Vanquished Creatures
  Natasha (twice) (D:2)
  3 dart slugs (D:1)
  3 ball pythons
  3 bats (D:1)
  2 endoplasms
  2 giant cockroaches (D:1)
  3 goblins
  A hobgoblin (D:1)
  2 quokkas
  A frilled lizard (D:1)
  4 kobolds
  4 rats (D:1)
30 creatures vanquished.

Notes
Turn   | Place    | Note
-------+----------+-------------------------------------------
     0 | D:1      | croobank the Draconian Transmuter began the quest for the
                  | Orb.
     0 | D:1      | Reached XP level 1. HP: 16/16 MP: 3/3
    90 | D:1      | Reached XP level 2. HP: 19/23 MP: 3/5
   446 | D:1      | Found a faded altar of an unknown god.
   932 | D:2      | Reached XP level 3. HP: 24/29 MP: 6/6
   945 | D:2      | Learned a level 2 spell: Wereblood
   947 | D:2      | Learned a level 1 spell: Sandblast
  1120 | D:2      | Noticed Natasha
  1131 | D:2      | Killed Natasha
  1363 | D:2      | Noticed Natasha
  1371 | D:2      | Killed Natasha
  1372 | D:2      | Reached skill level 1 in Short Blades
  1372 | D:2      | Reached skill level 1 in Earth Magic
  1372 | D:2      | Reached XP level 4. HP: 27/36 MP: 7/7
  1641 | D:2      | Noticed a scorpion
  1654 | D:2      | Succumbed to a scorpion's poison

Illustrated notes

Levels and vault maps discovered:
D:1:      psy_arrival_radial02, layout_basic,
          chequers_ecumenical_altar_simple_redux, minmay_ruptured
D:2:      layout_basic, uniq_natasha, uniq_crazy_yiuf_cottage

Skill      XL: |  1  2  3 |
---------------+----------+-----
Dodging        | 2 |  2.3
Fighting       | 2 |  2.0
Short Blades   | 1 |  1.0
Earth Magic    | 1 |  1.2
Unarmed Combat | |  3.1
Spellcasting   | |  2.4
Transmutations | |  2.5

Action                   |  1- 3 |  4- 6 || total
-------------------------+-------+-------++-------
Melee: Unarmed           |    14 |       ||    14
       Kick              |    14 |     1 ||    15
       Headbutt          |     7 |     1 ||     8
       Short sword       |    48 |     8 ||    56
       Punch             |     1 |       ||     1
       Tailslap          |     2 |     2 ||     4
 Fire: Hunting sling     |       |     4 ||     4
 Cast: Beastly Appendage |    18 |     3 ||    21
       Sandblast         |     1 |     2 ||     3
  Use: Potion            |       |     1 ||     1
Armor: Skin              |    17 |     2 ||    19
Dodge: Dodged            |    51 |     5 ||    56

Table legend: (Time is in decaauts)
 A = Elapsed time spent in this place.
 B = Non-inter-level travel time spent in this place.
 C = Inter-level travel time spent in this place.
 D = Time resting spent in this place.
 E = Time spent auto-exploring this place.
 F = Levels seen in this place.
 G = Mean time per level.
                   A        B        C        D        E       F      G
               +--------+--------+--------+--------+--------+-----+--------+
         Total |   1671 |   1652 |     19 |    212 |   1074 |   2 |  835.5 |
       Dungeon |   1671 |   1652 |     19 |    212 |   1074 |   2 |  835.5 |
               +--------+--------+--------+--------+--------+-----+--------+

Top non-repeatable levels by time:
     D:1: 902 daAuts
     D:2: 769 daAuts
